Map: Catalyst LE

Players

HellraiseR

  • Race: Protoss Protoss
  • League: Master
  • Spawn Location: 11:00

soO - Winner!

  • Race: Zerg Zerg
  • League: Master
  • Spawn Location: 5:00

Event: HomeStory Cup XVII

VOD

Have the link to the VOD?

Description

Time

  • Played on: June 29, 2018, 11:01 a.m.
  • Length: 8:51

All games in this series

Show
View Real Time Build Order
Export as new Build Order

HellraiseR Protoss 

Build Orders: 1 Gate Expand, Oracle Opening, Phoenix Opening, Zealot Archon, Archon Drop 

Get SALT Encoding   

  12  0:00  Probe  
  13  0:12  Probe  
  14  0:20  Pylon  
  14  0:24  Probe  
  15  0:34  Probe  
  15  0:39  Gateway  
  15  0:42  Probe  
  16  0:48  Assimilator  
  17  0:53  Probe  
  18  1:06  Probe  
  19  1:20  Nexus  
  19  1:31  Cybernetics Core  
  19  1:33  Probe  
  20  1:41  Assimilator  
  20  1:45  Probe  
  21  1:48  Pylon  
  21  1:57  Pylon  
  21  1:58  Adept  
  21  1:59  Probe  
  22  2:07  Probe  
  24  2:15  Probe  
  26  2:24  Stargate  
  26  2:25  Probe  
  26  2:28  Probe  
  26  2:29  Adept  
  30  2:37  Probe  
  30  2:38  Probe  
  30  2:40  Warp Gate  
  32  2:48  Probe  
  32  2:49  Probe  
  34  2:57  Oracle  
  34  3:00  Probe  
  34  3:01  Probe  
  40  3:12  Probe  
  40  3:14  Gateway, Probe  
  41  3:25  Probe, Pylon  
  41  3:26  Probe  
  43  3:27  Phoenix  
  43  3:28  Assimilator  
  43  3:30  Assimilator  
  43  3:37  Probe  
  46  3:42  Pylon  
  46  3:43  Probe  
  47  3:49  Probe, Twilight Council  
  48  3:56  Probe  
  48  4:02  Gateway  
  50  4:05  Gateway  
  49  4:10  Oracle  
  49  4:11  Robotics Facility  
  49  4:13  Probe  
  49  4:15  Probe  
  54  4:25  Probe  
  54  4:27  Probe  
  54  4:29  Pylon  
  56  4:37  Probe  
  57  4:39  Probe  
  58  4:49  Probe  
  58  4:50  Warp Prism  
  60  4:52  Probe  
  60  4:55  Zealot  
  60  4:56  Zealot  
  68  5:01  Probe  
  68  5:10  Nexus  
  68  5:11  Templar Archives  
  68  5:13  Pylon  
  67  5:22  Probe  
  67  5:24  Probe  
  64  5:29  Pylon  
  64  5:34  Probe  
  63  5:36  Probe  
  63  5:39  Pylon  
  63  5:41  Forge  
  64  5:46  Probe, Protoss Ground Weapons Level 1  
  64  5:47  High Templar x4  
  64  5:48  Probe  
  64  5:49  Immortal  
  74  5:53  Archon x2  
  74  5:58  Probe  
  74  6:00  Probe  
  80  6:08  Pylon  
  80  6:10  Probe  
  81  6:12  Probe  
  82  6:18  Charge  
  82  6:23  Gateway  
  82  6:24  Gateway  
  84  6:27  Gateway  
  84  6:28  Gateway  
  84  6:30  Gateway  
  84  6:31  Gateway  
  82  6:35  High Templar x2, Sentry  
  82  6:39  Archon, Observer  
  88  6:40  Zealot  
  91  6:48  Probe x2  
  93  6:57  Probe  
  93  6:58  Assimilator  
  93  7:00  Probe, Zealot x2  
  99  7:04  Probe  
  99  7:06  Pylon x2  
  99  7:07  High Templar x2  
  98  7:09  Probe  
  98  7:11  Pylon  
  98  7:12  Probe, Pylon  
  98  7:14  Archon, Pylon  
  100  7:16  Probe  
  100  7:20  Zealot x2  
  100  7:21  Zealot x2  
  109  7:31  Assimilator, Pylon x2  
  109  7:35  Zealot x4  
  117  7:41  Zealot x3  
  123  7:50  High Templar x2, Zealot  
  129  7:55  Archon  
  128  8:07  Zealot x3  
  128  8:08  Zealot x4  
  115  8:24  Zealot x3  
  89  8:31  Zealot x5  
  88  8:36  Probe  
Show
View Real Time Build Order
Export as new Build Order

soO Zerg - Winner!

Build Orders: Hatch First 

Get SALT Encoding   

  12  0:00  Drone  
  13  0:12  Overlord  
  13  0:16  Drone  
  14  0:30  Drone x2  
  14  0:34  Drone  
  17  0:50  Hatchery  
  17  0:54  Drone  
  17  0:57  Drone  
  18  1:07  Extractor  
  17  1:12  Spawning Pool  
  17  1:15  Drone  
  17  1:18  Drone  
  18  1:28  Drone  
  19  1:38  Drone  
  20  1:48  Overlord  
  20  1:58  Queen  
  22  2:02  Queen, Zergling x2  
  22  2:03  Drone  
  22  2:07  Metabolic Boost  
  26  2:11  Drone  
  26  2:14  Drone  
  28  2:21  Drone  
  29  2:25  Drone  
  30  2:34  Hatchery  
  30  2:36  Drone  
  30  2:38  Drone  
  31  2:44  Queen  
  31  2:49  Overlord  
  33  2:53  Zergling x2  
  33  2:55  Drone  
  33  2:57  Drone  
  36  3:08  Drone x3  
  36  3:09  Drone x2  
  36  3:12  Overlord, Drone  
  42  3:16  Zergling x2  
  42  3:18  Drone  
  44  3:28  Spore Crawler  
  44  3:29  Drone  
  44  3:30  Queen  
  44  3:32  Drone x2  
  48  3:38  Drone x2  
  48  3:39  Drone  
  51  3:43  Drone  
  51  3:44  Lair  
  52  3:50  Spore Crawler  
  52  3:54  Drone  
  52  3:55  Drone  
  53  3:56  Drone x3  
  53  3:59  Extractor  
  53  4:02  Drone x2  
  57  4:03  Extractor  
  57  4:05  Overlord  
  57  4:06  Drone  
  57  4:08  Spore Crawler  
  56  4:10  Drone  
  56  4:11  Drone  
  56  4:15  Extractor  
  57  4:18  Overlord  
  57  4:21  Overlord  
  57  4:26  Overlord, Drone  
  58  4:34  Overlord  
  58  4:38  Drone x5  
  63  4:39  Zergling x4  
  63  4:42  Drone  
  66  4:46  Drone x2  
  66  4:49  Drone x3  
  69  4:53  Hydralisk Den  
  68  5:00  Drone  
  68  5:01  Drone x3  
  68  5:03  Drone  
  73  5:07  Overlord  
  72  5:22  Hydralisk x7  
  72  5:23  Grooved Spines  
  72  5:27  Overlord  
  84  5:29  Overlord  
  84  5:30  Hydralisk x2  
  84  5:34  Overlord  
  88  5:36  Hydralisk  
  89  5:46  Hydralisk x3  
  89  5:48  Drone x3  
  98  5:50  Extractor  
  98  5:52  Extractor  
  98  5:53  Overseer  
  98  5:56  Drone x4  
  100  5:58  Hydralisk x2  
  104  6:07  Zergling x14  
  111  6:16  Drone x2  
  113  6:20  Overlord, Spire  
  112  6:27  Drone x2  
  112  6:28  Drone  
  112  6:31  Hydralisk x2, Hatchery  
  112  6:32  Zergling x2  
  119  6:35  Muscular Augments  
  119  6:37  Overlord  
  119  6:39  Hydralisk x2  
  123  6:45  Hydralisk x2  
  123  6:46  Zergling x2  
  128  6:50  Overlord  
  128  6:53  Zergling x4  
  130  6:56  Overlord  
  130  7:09  Overlord, Drone x4  
  130  7:10  Overlord, Drone x2  
  135  7:29  Zergling x2  
  139  7:30  Zergling x10  
  139  7:33  Baneling Nest, Evolution Chamber  
  139  7:37  Mutalisk x2  
  139  7:38  Mutalisk x5  
  153  7:44  Hydralisk x2  
  153  7:47  Hydralisk x3  
  153  7:50  Overlord  
  163  7:51  Hydralisk  
  163  7:55  Hydralisk x3  
  163  7:57  Overlord  
  170  7:59  Overlord  
  170  8:06  Hydralisk x2  
  170  8:07  Zergling x2  
  169  8:24  Hydralisk x2  
  169  8:25  Zergling x14  
Tags
 
Add a new tag
Caveats
  • Supply blocks, unpowered buildings, or Contaminate may cause inaccurate times.
  • Supply counts are checked every 10 seconds.